 Dungeon Crawl Stone Soup version 0.31-a0-246-g8cbcc1cb85 (webtiles) character file.

Game seed: 8248283931666028584

233 qw the Shooter (level 5, -11/45 HPs)
             Began as a Minotaur Hexslinger on July 12, 2023.
             Mangled by an orc warrior
             ... wielding a +1 dire flail of holy wrath
              (13 damage)
             ... on level 4 of the Dungeon.
             The game lasted 00:01:08 (3384 turns).

qw the Shooter (Minotaur Hexslinger)                Turns: 3384, Time: 00:01:09

Health: -11/45     AC:  6    Str: 12    XL:     5   Next: 75%
Magic:  5/5        EV: 11    Int: 10    God:
Gold:   206        SH:  0    Dex: 15    Spells: 5/6 levels left

rFire   . . .        Y - +1 sling
rCold   . . .        (no shield)
rNeg    . . .        g - +0 ring mail
rPois   .            (helmet restricted)
rElec   +            d - +0 cloak of the Lost Path {Fly rElec}
rCorr   .            (no gloves)
SInv    .            (no boots)
Will    .....        (no amulet)
Stlth   +            (no ring)
HPRegen 0.27/turn    (no ring)
MPRegen 0.09/turn

%: no passive effects
@: about to teleport, flying
A: horns 2, retaliatory headbutt
a: no special abilities


You were on level 4 of the Dungeon.
You visited 1 branch of the dungeon, and saw 4 of its levels.

You collected 206 gold pieces.


Innate Abilities, Weirdness & Mutations

You have a pair of horns on your head.
You reflexively headbutt those who attack you in melee.


   Skills:
 + Level 3.1 Fighting
 - Level 6.0 Ranged Weapons
 - Level 1.0 Armour
 - Level 2.1 Dodging
 - Level 1.0 Spellcasting
 - Level 2.0 Hexes


You had 5 spell levels left.
You knew the following spells:

 Your Spells              Type           Power      Damage    Failure   Level
a - Slow                  Hex            16%        N/A       34%         1

Your spell library contained the following spells:

 Spells                   Type           Power      Damage    Failure   Level
 Inner Flame              Hex/Fire       2%         N/A       83%         3
 Portal Projectile        Hex/Tloc       4%         N/A       83%         3
 Cause Fear               Hex            2%         N/A       98%         4

Inventory:

Hand Weapons
 Y - a +1 sling (weapon)
Armour
 d - the +0 cloak of the Lost Path (worn) {Fly rElec}
   (You acquired it on level 1 of the Dungeon)

   rElec:     It insulates you from electricity.
   Fly:       It grants you flight.
 g - a +0 ring mail (worn)
Scrolls
 a - 3 scrolls of identify
Potions
 b - a potion of cancellation
 c - a potion of mutation
 e - 2 potions of haste
 f - a potion of resistance
 h - 2 potions of heal wounds
 j - a potion of curing
 k - a potion of might

Dungeon Overview and Level Annotations

Branches:
Dungeon (4/15)
 Temple: D:4-7

Altars:

Annotations:
D:3 3 runed translucent doors, Grinder; qw's ghost, weakling GrHs


Message History

Enter note:
Enter note:
Enter note:
Enter note:
Enter note:
Enter note:
Enter note:
Enter note: You shoot a sling bullet.
The orc warrior shouts!
The sling bullet hits the orc warrior.
The orc warrior is lightly wounded.
The orc warrior barely misses you. You furiously retaliate!
You headbutt the orc warrior. You shoot a sling bullet.
The sling bullet closely misses the orc warrior.
The orc warrior hits you with a +1 dire flail of holy wrath!
You shoot a sling bullet.
The sling bullet closely misses the orc warrior.
The orc warrior misses you.
You shoot a sling bullet.
The sling bullet barely misses the orc warrior.
The orc warrior misses you.
You shoot a sling bullet.
The sling bullet hits the orc warrior but does no damage.
The orc warrior is lightly wounded.
The orc warrior hits you with a +1 dire flail of holy wrath.
You shoot a sling bullet.
The sling bullet hits the orc warrior but does no damage.
The orc warrior is lightly wounded.
The orc warrior hits you with a +1 dire flail of holy wrath!
The orc warrior hits you with a +1 dire flail of holy wrath.
You shoot a sling bullet.
The sling bullet barely misses the orc warrior.
The orc warrior hits you with a +1 dire flail of holy wrath!
3384 ||| READING scroll of teleportation.
As you read the scroll of teleportation, it crumbles to dust.
You feel strangely unstable.
The orc warrior hits you with a +1 dire flail of holy wrath!
You die...

#...##.#.####.#:(# #...#.........
#......#.# #.#$?# #.#.#.........
#..##..#.# #.###..#.#.#.#'##....
#..##..#.####.# #.............
...##..##..#)## #...#.#.##....
.......##..#.# ###...#.....#.#'
......####'#.# ..#.......#.#+#'
..###.'....#.####o.#..###.)......
### ###.88.##...@# #.............
# #.88.#########.####........
#### #....#....................[
...# ######.##........#.........
...# #.......#........#.........
...####.###............#.....####
........# #............#.#..#####
........# #............#.#..#....
.##...|.# #.......##'#......#....


You could see an orc warrior.

Vanquished Creatures
  A scorpion (D:4)
  An orc wizard (D:4)
  10 adders
  2 worms (D:2)
  An orc (D:4)
  9 ball pythons
  3 endoplasms (D:1)
  4 giant cockroaches
  8 goblins
  4 hobgoblins
  6 kobolds
  3 quokkas
  2 bats
  6 frilled lizards
  2 rats
62 creatures vanquished.

Notes
Turn   | Place    | Note
-------+----------+-------------------------------------------
     0 | D:1      | qw the Minotaur Hexslinger began the quest for the Orb.
     0 | D:1      | Reached XP level 1. HP: 16/16 MP: 1/1
     0 | D:1      | 0 ||| qw: Version: 0.3-a-52-g30416fa
     0 | D:1      | 0 ||| qw: Game counter: 6523
     0 | D:1      | 0 ||| qw: Melee chars always use a shield: true
     0 | D:1      | 0 ||| qw: God list: Okawaru
     0 | D:1      | 0 ||| qw: Allow faded altars: false
     0 | D:1      | 0 ||| qw: Do Orc after clearing Dungeon:15 true
     0 | D:1      | 0 ||| qw: Do second Lair branch before Depths: true
     0 | D:1      | 0 ||| qw: Lair rune preference: random
     0 | D:1      | 0 ||| qw: Goals: Normal
     0 | D:1      | 0 ||| PLANNING D:1-11
   535 | D:1      | Reached skill level 3 in Ranged Weapons
   535 | D:1      | Reached XP level 2. HP: 23/23 MP: 2/2
   569 | D:1      | Found a faded altar of an unknown god.
   638 | D:1      | 638 ||| READING 5 scrolls labelled WUEJUWUFFIR.
   639 | D:1      | 639 ||| READING 2 scrolls labelled HYOZISIEDY.
   644 | D:1      | 644 ||| READING scroll labelled MUALLOKUMI.
   644 | D:1      | Identified a scroll of acquirement
   644 | D:1      | 644 ||| ACQUIRING +0 cloak of the Lost Path {Fly rElec}
   644 | D:1      | Acquired the +0 cloak of the Lost Path {Fly rElec}
   646 | D:1      | 646 ||| UPGRADING to +0 cloak of the Lost Path {Fly rElec}.
   651 | D:1      | 651 ||| DRINKING 2 green potions.
   652 | D:1      | 652 ||| DRINKING 2 bubbling brown potions.
   653 | D:1      | 653 ||| DRINKING 2 silvery potions.
   654 | D:1      | 654 ||| READING 4 scrolls of identify.
   654 | D:1      | 654 ||| IDENTIFYING smoky purple potion
   655 | D:1      | 655 ||| READING 3 scrolls of identify.
   655 | D:1      | 655 ||| IDENTIFYING clear potion
   656 | D:1      | 656 ||| DROPPING scroll of poison.
   657 | D:1      | 657 ||| DROPPING potion of magic.
   847 | D:2      | Reached XP level 3. HP: 26/29 MP: 3/3
   879 | D:2      | Reached skill level 4 in Ranged Weapons
  1289 | D:2      | 1289 ||| UPGRADING to +0 leather armour.
  1299 | D:2      | 1299 ||| DROPPING +0 robe.
  1300 | D:2      | 1300 ||| UPGRADING to +0 ring mail.
  1310 | D:2      | 1310 ||| DROPPING +0 leather armour.
  1348 | D:3      | Reached skill level 1 in Armour
  1348 | D:3      | Reached XP level 4. HP: 34/36 MP: 4/4
  1696 | D:3      | Identified the +5 scale mail "Xoanerof" {rElec rC++ rN+}
  1697 | D:3      | Noticed qw's ghost (weakling GrHs)
  1698 | D:3      | Found a runed translucent gate.
  1699 | D:3      | Found a runed translucent gate.
  1712 | D:3      | Found a runed translucent gate.
  1884 | D:3      | Noticed Grinder
  1888 | D:3      | Paralysed by Grinder for 2 turns
  1892 | D:3      | Paralysed by Grinder for 3 turns
  1901 | D:3      | HP: 8/36 [Grinder (6)]
  1902 | D:3      | 1902 ||| READING 4 scrolls of teleportation.
  1903 | D:3      | 1903 ||| DRINKING 2 potions of heal wounds.
  1903 | D:3      | Paralysed by Grinder for 5 turns
  2139 | D:3      | HP: 6/36 [Grinder/nerve-wracking pain (4)]
  2140 | D:3      | 2140 ||| READING 3 scrolls of teleportation.
  2141 | D:3      | 2141 ||| DRINKING 4 potions of heal wounds.
  2203 | D:3      | Identified the +6 scale mail of Ykigun {Slay+2 SInv}
  2274 | D:4      | Reached skill level 5 in Ranged Weapons
  2780 | D:4      | Noticed a scorpion
  2788 | D:4      | Reached skill level 3 in Fighting
  2788 | D:4      | Reached XP level 5. HP: 42/45 MP: 5/5
  2803 | D:4      | HP: 11/45 [poisoned by a scorpion]
  2955 | D:4      | Noticed an orc warrior
  2959 | D:4      | 2959 ||| READING scroll labelled OPAOTAO XETI.
  2960 | D:4      | 2960 ||| DRINKING 2 dark potions.
  2961 | D:4      | 2961 ||| READING 5 scrolls of identify.
  2961 | D:4      | 2961 ||| IDENTIFYING inky potion
  2962 | D:4      | 2962 ||| READING 4 scrolls of identify.
  2962 | D:4      | 2962 ||| IDENTIFYING murky amethyst potion
  2979 | D:4      | HP: 11/45 [orc warrior/+1 dire flail of holy wrath (15)]
  2980 | D:4      | 2980 ||| READING 2 scrolls of teleportation.
  2983 | D:4      | 2983 ||| DRINKING 3 potions of heal wounds.
  3326 | D:4      | Reached skill level 6 in Ranged Weapons
  3383 | D:4      | HP: 2/45 [orc warrior/+1 dire flail of holy wrath (15)]
  3384 | D:4      | 3384 ||| READING scroll of teleportation.
  3384 | D:4      | Mangled by an orc warrior

Levels and vault maps discovered:
D:1:      ncdulo_watergridlock, layout_basic, chequers_ecumenical_altar_lobes
D:2:      layout_loops_cross
D:3:      layout_loops_ring, biasface_ghost_orc_armoury, saegor_snake_ambush,
          uniq_grinder
D:4:      minmay_chambers_of_fours, layout_basic, minmay_misc_feat_ornament

Skill      XL: |  1  2  3  4  5 |
---------------+----------------+-----
Ranged Weapons | 3 4 5 6 |  6.0
Fighting       | 2 3 |  3.1
Armour         | 1 |  1.0
Dodging        | |  2.1
Spellcasting   | |  1.0
Hexes          | |  2.0

Action                     |  1- 3 |  4- 6 || total
---------------------------+-------+-------++-------
   Fire: Sling             |    89 |   152 ||   241
    Use: Scroll            |     5 |     7 ||    12
         Potion            |     3 |     4 ||     7
 Armour: Robe              |     5 |       ||     5
         Ring mail         |     1 |    34 ||    35
  Dodge: Dodged            |    15 |    59 ||    74

Table legend:
 A = Non-vault XP
 B = Vault XP
 C = Vault XP percentage of total XP
 D = Non-vault monster count
 E = Vault monster count
 F = Vault count percentage of total count
                 A         B        C        D         E       F
            +---------+---------+-------+---------+---------+-------
      Total |     174 |     160 |  47.9 |      54 |       8 |  12.9
            +---------+---------+-------+---------+---------+-------
        D:1 |      14 |       0 |   0.0 |       8 |       0 |   0.0
        D:2 |      75 |       0 |   0.0 |      22 |       0 |   0.0
        D:3 |      31 |      31 |  50.0 |      13 |       4 |  23.5
        D:4 |      54 |     129 |  70.5 |      11 |       4 |  26.7
            +---------+---------+-------+---------+---------+-------
